 Dungeon Crawl Stone Soup version 0.21-a0-125-gb006224 (webtiles) character file.

527 xodi the Ruffian (level 7, -3/67 HPs)
             Began as a Troll Monk on July 15, 2017.
             Was a Believer of Qazlal.
             Slain by davenfal's ghost (5 damage)
             ... on level 4 of the Dungeon.
             The game lasted 00:10:14 (3468 turns).

xodi the Ruffian (Troll Monk)                       Turns: 3468, Time: 00:10:15

Health: -3/67      AC:  7    Str: 21    XL:     7   Next: 2%
Magic:  6/6        EV: 11    Int:  6    God:    Qazlal [**....]
Gold:   179        SH:  2    Dex: 13    Spells: 6/6 levels left

rFire    . . .     SeeInvis .     - Unarmed
rCold    . . .     Gourm    +   (no shield)
rNeg     . . .     Faith    .   o - +2 robe {MR+}
rPois    .         Spirit   .   (helmet restricted)
rElec    .         Reflect  .   (no cloak)
rCorr    .         Harm     .   (gloves unavailable)
MR       +....                  (boots unavailable)
Stlth    +.........             (no amulet)
HPRegen  0.61/turn              (no ring)
MPRegen  0.10/turn              (no ring)

@: no status effects
A: unfitting armour, claws 3, fast metabolism 3, gourmand, regeneration 1,
shaggy fur 1, tough skin 2
a: Upheaval, Renounce Religion


You were on level 4 of the Dungeon.
You worshipped Qazlal.
Qazlal was pleased with you.
You were not hungry.

You visited 2 branches of the dungeon, and saw 5 of its levels.
You also visited: Sewer.

You collected 179 gold pieces.

Inventory:

Missiles
 h - 109 stones (quivered)
Armour
 a - a +0 robe
 o - a +2 robe of magic resistance (worn)
Wands
 p - a wand of polymorph (2/24)
 x - a wand of clouds (4/9)
Scrolls
 d - 5 scrolls of identify {unknown}
 e - a scroll of magic mapping {unknown}
 i - 4 scrolls of teleportation {unknown}
 k - 2 scrolls of blinking {unknown}
 l - a scroll of enchant armour {unknown}
 m - a scroll of remove curse {unknown}
 t - a scroll of noise {unknown}
 u - a scroll of fog {unknown}
 w - a scroll of recharging {unknown}
 y - 2 scrolls of amnesia {unknown}
Potions
 j - 3 potions of haste
 n - a potion of flight
 q - 2 potions of heal wounds {unknown}
 r - 2 potions of curing {unknown}
 s - a potion of brilliance {unknown}
 v - 2 potions of might {unknown}
 z - a potion of invisibility {unknown}
 A - a potion of agility {unknown}
Comestibles
 b - 4 bread rations
 c - 6 fruits
 f - 3 royal jellies
 g - 2 meat rations


   Skills:
 + Level 3.0 Fighting
 + Level 3.6 Dodging
 - Level 1.0 Stealth
 * Level 7.0 Unarmed Combat


You had 6 spell levels left.
You didn't know any spells.

Dungeon Overview and Level Annotations

Branches:
Dungeon (4/15)             Temple (1/1) D:4

Altars:
Ashenzari
Cheibriados
Dithmenos
Hepliaklqana
Kikubaaqudgha
Makhleb
Nemelex Xobeh
Okawaru
Qazlal
Sif Muna
Uskayaw
Vehumet
Wu Jian
Xom
Yredelemnul
Zin
The Shining One

Annotations:
D:4 davenfal's ghost, novice MiBe


Innate Abilities, Weirdness & Mutations

You are too large for most types of armour.
You have claws for hands.
Your metabolism is lightning-fast.
You like to eat raw meat.
Your natural rate of healing is unusually fast.
You are covered in fur. (AC +1)
You have very tough skin. (AC +2)


Message History

Aim: davenfal's ghost, wielding a vorpal weapon You throw a stone.
The stone hits davenfal's ghost but does no damage.
Davenfal's ghost hits you!
You claw davenfal's ghost!
Davenfal's ghost is lightly damaged.
Davenfal's ghost closely misses you.
You claw davenfal's ghost!
Davenfal's ghost is moderately damaged.
Davenfal's ghost hits you!
You closely miss davenfal's ghost. You claw davenfal's ghost!
Davenfal's ghost is heavily damaged.
Davenfal's ghost yells, "Who would have thought, even in death it is a pleasure to sever!"
Davenfal's ghost hits you!
* * * LOW HITPOINT WARNING * * *
Davenfal's ghost barely misses you.
There is an open door here.
Davenfal's ghost hits you!!
* * * LOW HITPOINT WARNING * * *
You die...

......................
......................
...................... ..
...................... ...
......................
....(....................
.###'#######'####'#########
.'.......#.....#....#......
#.......'@W...#....'......
#.......#.....#...........
#.......#.....#...[.......
#.......#.....#...#+#....>
#.......#.....#...#_#.....
#.......#.....#...#'#.....
##...#######.##.......#+#.
#'###...##.##########....#.##
....................#........


You could see davenfal's ghost.

Vanquished Creatures
  Sigmund (D:2)
  Purgy (Sewer)
  A howler monkey (D:4)
  Jessica (D:2)
  Terence (D:2)
  An iguana (D:4)
  2 adders
  6 gnolls (D:4)
  2 worms
  3 dart slugs
  6 leopard geckos
  An orc (D:3)
  4 ball pythons
  9 bats
  8 giant cockroaches
  4 goblins
  8 hobgoblins
  10 kobolds
  2 quokkas (D:3)
  10 frilled lizards
  A leopard gecko skeleton (D:4)
  7 rats
89 creatures vanquished.

Notes
Turn   | Place    | Note
-------+----------+-------------------------------------------
     0 | D:1      | xodi the Troll Monk began the quest for the Orb.
     0 | D:1      | Reached XP level 1. HP: 22/22 MP: 0/0
   203 | D:1      | Reached XP level 2. HP: 29/29 MP: 1/1
  1017 | D:2      | Reached XP level 3. HP: 36/36 MP: 2/2
  1220 | D:2      | Noticed Terence
  1229 | D:2      | Killed Terence
  1229 | D:2      | Reached skill level 4 in Unarmed Combat
  1365 | D:2      | Reached XP level 4. HP: 44/44 MP: 3/3
  1453 | D:2      | Noticed Jessica
  1454 | D:2      | Killed Jessica
  1696 | D:2      | Noticed Sigmund
  1827 | D:2      | Killed Sigmund
  1827 | D:2      | Reached skill level 5 in Unarmed Combat
  1827 | D:2      | Reached XP level 5. HP: 39/52 MP: 4/4
  1992 | D:3      | Reached XP level 6. HP: 59/59 MP: 5/5
  2086 | D:3      | Found a glowing drain.
  2099 | Sewer    | Entered a sewer
  2124 | Sewer    | Noticed Purgy
  2135 | Sewer    | Killed Purgy
  2135 | Sewer    | Reached skill level 6 in Unarmed Combat
  2977 | D:4      | Found a staircase to the Ecumenical Temple.
  3020 | Temple   | Entered the Ecumenical Temple
  3137 | Temple   | Became a worshipper of Qazlal Stormbringer
  3137 | Temple   | Reached * piety under Qazlal
  3137 | Temple   | Reached ** piety under Qazlal
  3221 | D:4      | Found an ornate altar of the Wu Jian Council.
  3343 | D:4      | Reached XP level 7. HP: 63/67 MP: 6/6
  3350 | D:4      | Reached skill level 7 in Unarmed Combat
  3438 | D:4      | Noticed davenfal's ghost (novice MiBe)
  3468 | D:4      | HP: 2/67 [davenfal's ghost (19)]
  3468 | D:4      | Slain by davenfal's ghost

Vault maps used:
D:1:      lightli_arrival_statuegarden, minmay_tromino_v4_c
D:2:      uniq_terence, uniq_jessica, uniq_sigmund
D:3:      gup_sewer_entry_pipe, serial_bayou_pond_e
D:4:      kennysheep_mini_moat, temple_statues, first_bread,
          grunt_decor_fettered, kennysheep_generic_room_14
Temple:   lightli_temple_of_artemis
Sewer:    sewer_co_purgy_island

Skill      XL: |  1  2  3  4  5  6  7 |
---------------+----------------------+-----
Unarmed Combat | 4 5 6 7 |  7.0
Dodging        | 3 |  3.6
Fighting       | 3 |  3.0
Stealth        | |  1.0

Action                   |  1- 3 |  4- 6 |  7- 9 || total
-------------------------+-------+-------+-------++-------
Melee: Unarmed           |    92 |   123 |    12 ||   227
       Punch             |     1 |     1 |     1 ||     3
Throw: Stone             |       |       |     3 ||     3
  Use: Potion            |       |     2 |       ||     2
 Stab: Sleeping          |     5 |     8 |       ||    13
  Eat: Chunk             |    17 |    12 |     2 ||    31
Armor: Robe              |    42 |    33 |     1 ||    76
Dodge: Dodged            |    47 |    60 |     6 ||   113
Block: Other             |       |     2 |       ||     2
